 Dungeon Crawl Stone Soup version 0.28.0-53-g5a82cb258f (webtiles) character file.

Game seed: 7470172479868374247

242 Descartes the Scratcher (level 5, -1/21 HPs)
             Began as a Felid Wanderer on July 29, 2022.
             Killed by divine providence
             ... invoked by an orc priest
              (10 damage)
             ... on level 4 of the Dungeon.
             The game lasted 00:11:03 (5131 turns).

Descartes the Scratcher (Felid Wanderer)            Turns: 5131, Time: 00:11:03

Health: -1/21      AC:  2    Str:  9    XL:     5   Next: 81%
Magic:  6/9        EV: 18    Int: 13    God:
Gold:   87         SH:  0    Dex: 17    Spells: 5/9 levels left
                                        Lives:  0   Deaths: 1

rFire   . . .      SeeInvis +     - Unarmed
rCold   . . .      Faith    .   (shield unavailable)
rNeg    . . .      Spirit   .   (armour unavailable)
rPois   .          Reflect  .   (helmet unavailable)
rElec   .          Harm     .   (cloak unavailable)
rCorr   .          Rampage  .   (gloves unavailable)
Will    .....                   (boots unavailable)
Stlth   +++.......              (no amulet)
HPRegen 0.07/turn               (no ring)
MPRegen 0.11/turn               (no ring)

@: very slightly contaminated, quick
A: very small, claws 1, fangs 3, see invisible, speed 1, shaggy fur 2, stealthy
paws, no weapons or thrown items, no armour, multi-lived
a: no special abilities


You were on level 4 of the Dungeon.
You visited 1 branch of the dungeon, and saw 4 of its levels.

You collected 87 gold pieces.

Inventory:

Scrolls
 b - 2 scrolls of fear
 e - 4 scrolls of identify {unknown}
 g - a scroll of enchant armour {unknown}
Potions
 a - a potion of resistance {unknown}
 d - a potion of invisibility {unknown}
 f - 3 potions of berserk rage {unknown}
 h - a potion of brilliance {unknown}
 i - a potion of attraction {unknown}
Miscellaneous
 c - a piece from Xom's chessboard (15/15)


   Skills:
 * Level 3.7 Dodging
 * Level 3.4 Stealth
 * Level 4.8 Unarmed Combat
 + Level 2.5 Spellcasting
 + Level 2.7 Translocations
 + Level 2.1 Transmutations
 + Level 2.5 Air Magic
 + Level 3.1 Evocations


You had 5 spell levels left.
You knew the following spells:

 Your Spells              Type           Power      Damage    Failure   Level
a - Shock                 Conj/Air       16%        1d4       14%         1
b - Swiftness             Air            8%         N/A       26%         3

Your spell library contained the following spells:

 Spells                   Type           Power      Damage    Failure   Level
 Passwall                 Tmut/Erth      3%         N/A       24%         2
 Ensorcelled Hibernation  Hex/Ice        2%         N/A       36%         2
 Fireball                 Conj/Fire      0%         3d3       100%        5
 Dispersal                Tloc           4%         N/A       100%        6
 Starburst                Conj/Fire      0%         6d3       100%        6
 Disjunction              Tloc           4%         N/A       100%        8
 Ignition                 Fire           0%         3d3       100%        8


Dungeon Overview and Level Annotations

Branches:
Dungeon (4/15)
 Temple: D:4-7

Altars:


Innate Abilities, Weirdness & Mutations

You have sharp claws.
You have razor-sharp teeth.
You have supernaturally acute eyesight. (SInv)
You cover ground quickly. (Speed+)
You are covered in thick fur. (AC +2)
Your paws help you pounce on unaware monsters.
You are incapable of wielding weapons or throwing items.
You cannot wear armour.
You gain extra lives every three experience levels.


Message History

Casting: Shock (safe; 14% risk of failure)
Confirm with . or Enter, or press ? or * to list all spells.
Aiming: Shock (safe; 14% risk of failure)
Press: ? - help, Shift-Dir - straight line, f - orc priest
Aim: an orc priest, wielding a +0 hand axe and wearing a +0 chain mail (asleep, 100% to hit)
The zap hits the orc priest but does no damage.
The orc priest shouts!
You hear a shout!
Casting: Shock (safe; 14% risk of failure)
Confirm with . or Enter, or press ? or * to list all spells.
Aiming: Shock (safe; 14% risk of failure)
Press: ? - help, Shift-Dir - straight line, f/p - orc priest
Aim: an orc priest, wielding a +0 hand axe and wearing a +0 chain mail (74% to hit)
The zap hits the orc priest.
The orc priest is lightly wounded.
An orc comes into view. It is wielding a +0 club.
The orc priest invokes the aid of Beogh against you.
Beogh smites you!
Ouch! That really hurt!
You hear a shout!
The orc priest looks braver for a moment.
There is an open door here.
There is a stone staircase leading up here.
Casting: Shock (safe; 14% risk of failure)
Confirm with . or Enter, or press ? or * to list all spells.
Aiming: Shock (safe; 14% risk of failure)
Press: ? - help, Shift-Dir - straight line, f/p - orc priest
Aim: an orc priest, wielding a +0 hand axe and wearing a +0 chain mail (lightly wounded, 74% to hit)
The zap hits the orc priest.
The orc priest is moderately wounded.
Casting: Shock (safe; 14% risk of failure)
Confirm with . or Enter, or press ? or * to list all spells.
Aiming: Shock (safe; 14% risk of failure)
Press: ? - help, Shift-Dir - straight line, f/p - orc priest
Aim: an orc priest, wielding a +0 hand axe and wearing a +0 chain mail (moderately wounded, 74% to hit)
You miscast Shock.
You are very lightly contaminated with residual magic.
Nothing appears to happen.
The orc priest invokes the aid of Beogh against you.
Beogh smites you!
You die...

#....##o#
#.......#
###.#####
#o# ##'##
##.o.##
##.....##
##.......##
#....@....#
+.........+
#.........#
##.......##
##.....≈♣
##...≈≈≈
##+#≈P≈#
♣≈≈.


You could see an orc priest and an orc.

Vanquished Creatures
  A centaur zombie (D:3)
  A bullfrog zombie (D:3)
  An iguana (D:3)
  Jessica (D:3)
  Ijyb (D:3)
  Natasha (thrice) (D:3)
  An orc wizard (D:3)
  3 gnolls (D:3)
  6 adders
  An adder skeleton (D:4)
  A worm (D:1)
  3 dart slugs
  4 orcs
  2 endoplasms
  4 giant cockroaches
  4 goblins
  6 hobgoblins
  6 kobolds
  5 quokkas
  7 ball pythons
  5 bats
  A frilled lizard (D:1)
  5 rats
72 creatures vanquished.

Vanquished Creatures (others)
  24 plants (D:4)
24 creatures vanquished.

Grand Total: 96 creatures vanquished

Notes
Turn   | Place    | Note
-------+----------+-------------------------------------------
     0 | D:1      | Descartes the Felid Wanderer began the quest for the Orb.
     0 | D:1      | Descartes set off with the following items: a potion of
                  | heal wounds, a scroll of fear, a piece from Xom's
                  | chessboard (15/15); and the following spell memorised:
                  | Shock; and the following spells available to memorise:
                  | Swiftness
     0 | D:1      | Reached XP level 1. HP: 7/7 MP: 4/4
   444 | D:1      | Reached skill level 1 in Dodging
   446 | D:1      | Reached XP level 2. HP: 11/11 MP: 0/6
   963 | D:1      | Reached skill level 1 in Transmutations
  1025 | D:1      | Reached skill level 1 in Translocations
  1393 | D:1      | Reached skill level 1 in Stealth
  1393 | D:1      | Reached XP level 3. HP: 11/14 MP: 1/7
  2893 | D:3      | Found a faded altar of an unknown god.
  2902 | D:3      | Reached XP level 4. HP: 7/18 MP: 0/8
  2941 | D:3      | Noticed Jessica
  2944 | D:3      | Killed Jessica
  2972 | D:3      | Reached XP level 5. HP: 8/21 MP: 0/9
  3543 | D:3      | Noticed Ijyb
  3561 | D:3      | Paralysed by Ijyb for 4 turns
  3571 | D:3      | Killed Ijyb
  3785 | D:3      | Gained mutation: You are covered in thick fur. (AC +2)
                  | [Felid growth]
  3785 | D:3      | Reached XP level 6. HP: 24/24 MP: 3/10
  3868 | D:3      | Noticed Natasha
  3875 | D:3      | Killed Natasha
  3924 | D:3      | Noticed Natasha
  3938 | D:3      | Killed Natasha
  4153 | D:3      | Learned a level 3 spell: Swiftness
  4174 | D:3      | Noticed Natasha
  4184 | D:3      | Slain by Natasha
  4185 | D:3      | Reached XP level 5. HP: 0/21 MP: 7/9
  4349 | D:3      | Killed Natasha
  4989 | D:4      | Noticed a lemure
  4989 | D:4      | Noticed a lemure
  5131 | D:4      | Killed from afar by an orc priest

Illustrated notes

Levels and vault maps discovered:
D:1:      dpeg_arrival_rooms_c, layout_basic, minmay_misc_feat_five,
          grunt_decor_one_mirror
D:2:      layout_loops_corners
D:3:      layout_loops_ring, ebering_ecumenical_altar_mist, hex_tiny,
          uniq_jessica, uniq_natasha, uniq_ijyb
D:4:      layout_loops_corners, mainiacjoe_overflow_tiny_flanked, serial_bayou,
          serial_bayou_shore_a, serial_bayou_lagoon_a, serial_bayou_lake_a,
          serial_bayou_pond_e, uniq_pikel

Skill      XL: |  1  2  3  4  5  6 |
---------------+-------------------+-----
Dodging        | 1 2 3 |  3.7
Air Magic      | 2 |  2.5
Transmutations | 1 2 |  2.1
Translocations | 1 2 |  2.7
Stealth        | 1 2 3 |  3.4
Evocations     | 3 |  3.1
Unarmed Combat | |  4.8
Spellcasting   | |  2.5

Action                   |  1- 3 |  4- 6 || total
-------------------------+-------+-------++-------
Melee: Unarmed           |    42 |    57 ||    99
       Bite              |     1 |     7 ||     8
       Punch             |       |     4 ||     4
 Cast: Shock             |    83 |    86 ||   169
  Use: Potion            |       |     1 ||     1
 Stab: Sleeping          |     4 |     4 ||     8
Armor: Skin              |     5 |     2 ||     7
Dodge: Dodged            |    59 |    63 ||   122
